 Dungeon Crawl Stone Soup version 0.24.0-13-gcf9b319 (webtiles) character file.

Game seed: 967609454978622552, levelgen mode: deterministic

16846 Fang the Protected (level 12, -5/80 HPs)
             Began as a Gargoyle Fighter on Dec 17, 2019.
             Was a High Priest of Trog.
             Slain by a two-headed ogre
             ... wielding a +0 giant club
              (7 damage)
             ... on level 12 of the Dungeon.
             The game lasted 00:18:08 (10191 turns).

Fang the Protected (Gargoyle Fighter)              Turns: 10191, Time: 00:18:09

Health: -5/80      AC: 27    Str: 25    XL:     12   Next: 41%
Magic:  12/12      EV:  7    Int:  9    God:    Trog [*****.]
Gold:   652        SH: 13    Dex:  9    Spells: 11/11 levels left

rFire    . . .     SeeInvis .   t - +1 war axe (elec)
rCold    . . .     Gourm    .   B - +1 shield
rNeg     + . .     Faith    .   b - +1 plate armour
rPois    ∞         Spirit   .   (no helmet)
rElec    +         Reflect  .   (no cloak)
rCorr    .         Harm     .   (no gloves)
MR       .....                  (no boots)
Stlth    ..........             (no amulet)
HPRegen  0.23/turn              n - +3 ring of protection
MPRegen  0.13/turn              w - ring of attention (curse)

@: no status effects
A: negative energy resistance 1, electricity resistance, unbreathing,
petrification resistance, rot immunity, AC +8
a: Berserk, Trog's Hand, Brothers in Arms, Renounce Religion


You were on level 12 of the Dungeon.
You worshipped Trog.
Trog was extremely pleased with you.
You were hungry.

You visited 3 branches of the dungeon, and saw 14 of its levels.
You also visited: Ossuary.

You collected 652 gold pieces.

Inventory:

Hand Weapons
 a - a +3 broad axe
 t - a +1 war axe of electrocution (weapon)
Armour
 b - a +1 plate armour (worn)
 B - a +1 shield (worn)
Jewellery
 n - a +3 ring of protection (left hand)
 v - an uncursed ring of stealth
 w - a cursed ring of attention (right hand)
Wands
 h - a wand of polymorph (16)
 p - a wand of scattershot (11)
 u - a wand of random effects (23)
 x - a wand of disintegration (9)
 z - a wand of digging (4)
Scrolls
 e - 3 scrolls of identify
 f - a scroll of remove curse
Potions
 d - 2 potions of flight
 g - a potion of ambrosia
 j - 2 potions of heal wounds
 k - 2 potions of berserk rage
 l - 2 potions of cancellation
 m - 4 potions of haste
 o - 4 potions of curing
 q - a potion of resistance
 r - 3 potions of mutation
 s - 2 potions of might
Comestibles
 c - 22 rations
 i - 9 chunks of flesh


   Skills:
 + Level 11.3 Fighting
 + Level 9.4 Axes
 + Level 11.4 Armour
 + Level 11.3 Shields


You had 11 spell levels left.
You didn't know any spells.
Your spell library contained the following spells:

 Spells                   Type           Power        Failure   Level  Hunger
 Magic Dart               Conj           #...         99%         1    ##.....
 Blink                    Tloc           N/A          100%        2    ###....
 Call Imp                 Summ           #.......     100%        2    ###....
 Slow                     Hex            #.......     100%        2    ###....
 Conjure Flame            Conj/Fire      #.......     100%        3    ####...
 Mephitic Cloud           Conj/Pois/Air  #.......     100%        3    ####...


Dungeon Overview and Level Annotations

Branches:
Dungeon (12/15)            Temple (1/1) D:7            Lair (0/6) D:9
    Orc (1/2) D:11        Ossuary (visited)

Altars:
Fedhas
Gozag
Hepliaklqana
Makhleb
Okawaru
Sif Muna
Trog
Wu Jian
Xom
Beogh

Shops:
D:9 (


Innate Abilities, Weirdness & Mutations

You are resistant to torment.
Your stone body is resilient. (AC +8)
You are immune to poison.
You resist negative energy. (rN+)
You are resistant to electric shocks. (rElec)
You can survive without breathing.
You are immune to petrification.
You are immune to rotting.


Message History

Trog accepts your kill.
You hit the two-headed ogre.
You hit the two-headed ogre but do no damage.
Lightning courses through the two-headed ogre!
You kill the two-headed ogre!
Trog accepts your kill.
A two-headed ogre comes into view.
It is wielding a +0 giant spiked club and a +0 dire flail of protection.
You block the two-headed ogre's attack.
The two-headed ogre hits you with a +0 giant club.
* * * LOW HITPOINT WARNING * * *
The ogre mage hits you but does no damage.
An ogre comes into view. It is wielding a +0 giant spiked club.
You hit the soldier ant.
The soldier ant is lightly wounded.
You slash the two-headed ogre!
The sentinel's mark upon you fades away.
You block the ogre mage's attack. You block the soldier ant's attack.
An ogre opens the door.
The two-headed ogre hits you with a +0 giant club!
You die...

...... ........
...... #....... #.
......++#...... #.#
..........T. ....
..O....)# #..###
##OO...# #....
'O.5.#
#....####)O.<#
#.....)(O@a..#
#....)÷÷..†.##
#....)...........
#.........#.......
#.........#.......
#..........#.......
..##............##.
. +............+
#..).......


You could see 3 two-headed ogres, an ogre mage, a troll, a soldier ant, 2 ogres
and a crimson imp.

Vanquished Creatures
  The ghost of Spacechess the Fighter, a novice OgFi of Zin (D:9)
  A death knight (D:11)
  3 two-headed ogres
  An unseen horror (D:12)
  2 cyclopes (D:11)
  An ugly thing (D:11)
  A manticore (D:12)
  A centaur zombie (D:12)
  A freezing wraith (D:11)
  2 trolls
  2 hippogriffs
  A hornet (D:10)
  A vampire (D:12)
  A shadow (D:12)
  2 wraiths (D:11)
  Eustachio (D:4)
  8 yaks
  4 hogs (D:8)
  A human (D:8)
  2 hungry ghosts
  Menkaure (D:7)
  Edmund (D:6)
  3 water moccasins
  An acid dragon (D:12)
  2 ice beasts (D:12)
  A black bear (D:9)
  3 orc warriors
  12 ogres
  A phantom (D:8)
  10 centaurs
  A crocodile (D:10)
  A big kobold (D:10)
  9 bullfrogs
  A gnoll sergeant (D:10)
  2 water moccasin zombies (Ossuary)
  3 scorpions
  18 killer bees
  4 wights (D:7)
  4 howler monkeys
  5 crimson imps
  2 quasits
  7 hounds
  8 orc priests
  2 centaur skeletons
  A gnoll shaman (D:4)
  Crazy Yiuf (D:7)
  3 bullfrog skeletons
  3 jellies
  8 orc wizards
  Jessica (D:2)
  4 iguanas
  6 worker ants
  2 big kobold zombies (Ossuary)
  2 mummies (Ossuary)
  Robin (D:3)
  12 adders
  11 gnolls
  2 shadow imps
  2 oozes
  4 adder skeletons
  7 adder zombies
  2 worms
  A dart slug (D:1)
  5 leopard geckos
  22 orcs
  5 bats
  7 giant cockroaches
  12 goblins
  8 hobgoblins
  4 jackals (D:6)
  5 quokkas
  4 frilled lizards
  2 gnoll zombies (Ossuary)
  4 hobgoblin zombies (Ossuary)
  12 kobolds
  8 kobold zombies (Ossuary)
  6 orc zombies (Ossuary)
  8 rats
324 creatures vanquished.

Notes
Turn   | Place    | Note
-------+----------+-------------------------------------------
     0 | D:1      | Fang the Gargoyle Fighter began the quest for the Orb.
     0 | D:1      | Reached XP level 1. HP: 14/14 MP: 1/1
   155 | D:1      | Reached XP level 2. HP: 18/19 MP: 2/2
   187 | D:1      | You fall into a shaft and drop 1 floor!
   250 | D:2      | Found an opulent altar of Gozag.
   809 | D:2      | Found a blossoming altar of Fedhas.
   852 | D:2      | Noticed Jessica
   860 | D:2      | Killed Jessica
   860 | D:2      | Reached XP level 3. HP: 24/24 MP: 3/3
  1500 | D:3      | Reached XP level 4. HP: 2/29 MP: 4/4
  1500 | D:3      | HP: 1/29 [quokka (1)]
  1848 | D:3      | Reached XP level 5. HP: 22/33 MP: 5/5
  1893 | D:3      | Noticed an ogre
  1902 | D:3      | Killed an ogre
  1902 | D:3      | Reached XP level 6. HP: 4/39 MP: 6/6
  1915 | D:3      | Noticed Robin
  2234 | D:3      | Killed Robin
  2374 | D:3      | You fall into a shaft and drop 1 floor!
  2377 | D:4      | Found a bloodstained altar of Trog.
  2389 | D:4      | Became a worshipper of Trog the Wrathful
  2497 | D:4      | Noticed Eustachio
  2510 | D:4      | Killed Eustachio
  2510 | D:4      | Reached skill level 5 in Fighting
  2510 | D:4      | Reached skill level 5 in Armour
  2510 | D:4      | Reached skill level 5 in Shields
  2519 | D:4      | Found an ornate altar of the Wu Jian Council.
  2719 | D:4      | Reached XP level 7. HP: 37/44 MP: 7/7
  2790 | D:4      | HP: 1/44 [ogre/+0 giant club (18)]
  3282 | D:4      | Found a shimmering altar of Xom.
  3607 | D:5      | Entered Level 5 of the Dungeon
  3826 | D:5      | Found a bloodstained altar of Trog.
  3834 | D:5      | Reached * piety under Trog
  4042 | D:5      | Found a hazy altar of Hepliaklqana.
  4059 | D:5      | Reached XP level 8. HP: 48/51 MP: 8/8
  4671 | D:5      | Found a shimmering blue altar of Sif Muna.
  4831 | D:6      | Noticed Edmund
  4843 | D:6      | Killed Edmund
  4843 | D:6      | Reached skill level 5 in Axes
  4860 | D:6      | Found a sand-covered staircase.
  4884 | Ossuary  | Entered an ossuary
  4896 | Ossuary  | Reached ** piety under Trog
  5165 | D:6      | Reached XP level 9. HP: 48/56 MP: 9/9
  5424 | D:6      | Reached *** piety under Trog
  5902 | D:7      | Noticed Menkaure
  5915 | D:7      | Killed Menkaure
  6513 | D:7      | Found a staircase to the Ecumenical Temple.
  6631 | Temple   | Entered the Ecumenical Temple
  6717 | D:7      | Found a runed translucent door.
  6718 | D:7      | Noticed Crazy Yiuf
  6773 | D:7      | Killed Crazy Yiuf
  6866 | D:7      | Reached XP level 10. HP: 54/64 MP: 10/10
  6915 | D:8      | Noticed a two-headed ogre
  6930 | D:8      | Killed a two-headed ogre
  7035 | D:8      | Reached **** piety under Trog
  7167 | D:8      | You fall into a shaft and drop 3 floors!
  7167 | D:11     | Found a roughly hewn altar of Beogh.
  7228 | D:11     | Found a staircase to the Orcish Mines.
  7274 | D:11     | Noticed a cyclops
  7286 | D:11     | Killed a cyclops
  7405 | D:11     | Noticed a cyan ugly thing
  7415 | D:11     | Killed a cyan ugly thing
  7476 | D:11     | Noticed a death knight
  7487 | D:11     | Killed a death knight
  7487 | D:11     | Reached XP level 11. HP: 43/72 MP: 11/11
  7801 | D:11     | Reached skill level 10 in Armour
  7806 | D:11     | Reached skill level 10 in Fighting
  7806 | D:11     | Reached skill level 10 in Shields
  8101 | D:11     | Noticed a cyclops
  8109 | D:11     | Killed a cyclops
  8309 | D:10     | Entered Level 10 of the Dungeon
  8347 | D:10     | Reached ***** piety under Trog
  8769 | D:9      | Found a staircase to the Lair.
  8801 | D:9      | Found a runed translucent gate.
  8801 | D:9      | Found a runed translucent gate.
  8801 | D:9      | Found a runed translucent gate.
  8808 | D:9      | Noticed Spacechess's ghost (novice OgFi)
  9018 | D:9      | Found Ossuq's Weapon Boutique.
  9108 | D:9      | Found an iron altar of Okawaru.
  9426 | D:9      | Found a burning altar of Makhleb.
  9565 | D:9      | Killed Spacechess's ghost
  9565 | D:9      | Received a gift from Trog
 10013 | Orc:1    | Entered Level 1 of the Orcish Mines
 10061 | D:12     | Noticed a manticore
 10062 | D:12     | Reached XP level 12. HP: 56/79 MP: 12/12
 10180 | D:12     | Noticed a two-headed ogre
 10181 | D:12     | Noticed a two-headed ogre
 10185 | D:12     | Noticed an ogre mage
 10186 | D:12     | Noticed a two-headed ogre
 10188 | D:12     | Killed a two-headed ogre
 10188 | D:12     | Noticed a two-headed ogre
 10190 | D:12     | Killed a two-headed ogre
 10190 | D:12     | Noticed a two-headed ogre
 10190 | D:12     | HP: 2/80 [two-headed ogre/+0 dire flail (6)]
 10191 | D:12     | Slain by a two-headed ogre

Levels and vault maps discovered:
D:1:      wheals_arrival_linesprint, layout_rooms, minivault_23,
          minmay_misc_feat_room, supply_closet_lemuel
D:2:      layout_loops_corners, fedhas_altar_fruit_tree, grunt_gozag_statues,
          uniq_jessica
D:3:      layout_rooms, uniq_robin
D:4:      layout_basic, kennysheep_little_box, nicolae_overflow_hidden_temple,
          first_ration, trog_three_pillars_becter, uniq_eustachio
D:5:      layout_layer_cave, lemuel_crystal_altar,
          lemuel_coloured_pillars_altar, basic_altar
D:6:      layout_loops_ring, lightli_ossuary_entry_decrepit_ruins, uniq_edmund
D:7:      layout_gridville, minmay_temple_entry_grid, uniq_menkaure,
          uniq_crazy_yiuf_cottage
D:8:      layout_rooms, grunt_livestock
D:9:      layout_cave_pools, kennysheep_mini, lair_entry_dummy, serial_shops,
          nicolae_shop_crystal, ebering_ghost_rock_garden, basic_altar
D:10:     layout_rooms
D:11:     layout_cave_pools, minmay_orc_entry_temple_small,
          minmay_misc_feat_roman, chequers_arboretum, kennysheep_minor_cross
D:12:     layout_basic, minmay_alternating_orb
Temple:   eino_temple_scatter_basement
Orc:1:    lemuel_ogre_cave, layout_caves, minmay_orc_temple_b

Skill      XL: |  1  2  3  4  5  6  7  8  9 10 11 12 |
---------------+-------------------------------------+-----
Axes           | 2 3 4 5 6 7 9 |  9.4
Shields        | 4 5 6 8 9 10 11 | 11.3
Fighting       | 4 5 6 8 9 10 11 | 11.3
Armour         | 4 5 6 8 9 10 11 | 11.4

Action                   |  1- 3 |  4- 6 |  7- 9 | 10-12 || total
-------------------------+-------+-------+-------+-------++-------
Melee: War axe           |   110 |   126 |   406 |   471 ||  1113
Invok: Berserk           |       |       |     2 |    10 ||    12
  Use: Scroll            |       |    10 |     8 |    11 ||    29
       Potion            |       |     1 |     1 |       ||     2
  Eat: Chunk             |     2 |     4 |    18 |    20 ||    44
       Ration            |       |       |       |     1 ||     1
Armor: Scale mail        |    63 |   109 |     5 |       ||   177
       Chain mail        |       |       |   229 |    39 ||   268
       Plate armour      |       |       |       |   394 ||   394
Dodge: Dodged            |    46 |    55 |   105 |   148 ||   354
Block: Shield            |    72 |   107 |   283 |   414 ||   876
